AoeStats
← mryendl2410

Fortress

509275941Analyzed
2v2 RM · 6d ago on Sep 26, 2026· 38m 0s· 4 players
Game mode
Random Map
Map size
Normal (6 player)
Population
200
Speed
Normal
Resources
Standard
Victory
Conquest
Starting age
Dark Age
Ending age
Imperial Age
RankedLock teamsTeams togetherTeam positionsShared explorationLock speedFull tech treeHidden civsTurbo modeCheats
Victory
Defeat
🇮🇳 Saxons · India
1350
+16
🇮🇳 Danes · India
1339
+16
🇻🇳 Italians · Vietnam
1398
-18
🇺🇸 Bohemians · United States
1290
-14
PsyBorg
7:09 Feudal Age
10:51 Castle Age
9:30 Loom
10:29 Double-Bit Axe
10:26 Horse Collar
10:38 Gold Mining
10:55 Scale Mail Armor
20:37 Chain Mail Armor
24:45 Padded Archer Armor
24:35 Fletching
26:55 Gold Shaft Mining
26:59 Wheelbarrow
26:30 Elite Skirmisher
27:31 Leather Archer Armor
28:35 Bodkin Arrow
29:00 Thumb Ring
34:36 Imperial Age
36:03 Imperial Age
36:52 Ballistics
37:05 Conscription
36:53 Bracer
36:44 Cranequins
37:33 Heavy Mounted Crossbowman
Adi
7:59 Feudal Age
9:33 Double-Bit Axe
12:13 Castle Age
10:33 Horse Collar
16:48 Bow Saw
16:49 Loom
18:54 Wheelbarrow
20:16 Bloodlines
20:06 Husbandry
20:44 Scale Barding Armor
21:36 Forging
22:16 Husbandry
22:17 Husbandry
24:32 Chain Barding Armor
25:59 Hand Cart
26:32 Iron Casting
26:02 Gold Mining
30:19 Imperial Age
27:53 Scale Mail Armor
27:46 Gambesons
28:27 Heavy Plow
29:55 Gold Shaft Mining
29:56 Chain Mail Armor
29:49 Squires
29:34 Arson
30:46 Town Watch
30:45 Elite Varangian Guard
32:09 Stone Mining
32:51 Conscription
33:21 Hoardings
34:29 Shield Wall
cory2045
8:00 Feudal Age
12:28 Castle Age
10:25 Double-Bit Axe
10:31 Horse Collar
17:01 Imperial Age
16:28 Chemistry
19:09 Wheelbarrow
19:37 Padded Archer Armor
mryendl2410
9:08 Feudal Age
9:14 Loom
13:05 Castle Age
11:03 Gold Mining
11:30 Horse Collar
14:06 Fletching
17:03 Bodkin Arrow
18:03 Padded Archer Armor
24:32 Imperial Age
25:23 Bracer
28:20 Ballistics
30:30 Wheelbarrow
33:19 Chemistry
38:17 Leather Archer Armor
Connection lost

Rejoining the realm…

Still unreachable

The connection could not be restored.

Session expired

The server has moved on; the page needs a fresh start.